 Dungeon Crawl Stone Soup version 0.27-a0-1434-g6f15984924 (webtiles) character file.

Game seed: 3744105729080530338

114 spiderkeys the Skirmisher (level 4, -1/32 HPs)
             Began as an Octopode Abyssal Knight on July 4, 2021.
             Was a Believer of Lugonu.
             Slain by a phantom (5 damage)
             ... on level 3 of the Dungeon.
             The game lasted 00:05:33 (2894 turns).

spiderkeys the Skirmisher (Octopode Abyssal Knight) Turns: 2894, Time: 00:05:34

Health: -1/32      AC:  1    Str: 11    XL:     4   Next: 98%
Magic:  5/6        EV: 13    Int: 14    God:    Lugonu [**....]
Gold:   120        SH:  5    Dex: 12    Spells: 1/3 levels left

rFire    . . .     SeeInvis .   b - +3 hunting sling (freeze)
rCold    . . .     Faith    .   (no shield)
rNeg     . . .     Spirit   .   (helmet restricted)
rPois    +         Reflect  +   d - amulet of reflection
rElec    .         Harm     .   Z - ring of wizardry
rCorr    .         Rampage  .   (no ring)
Will     .....                  (no ring)
Stlth    +++.......             (no ring)
HPRegen  0.10/turn              (no ring)
MPRegen  0.10/turn              (no ring)
                                (no ring)
                                (no ring)

@: no status effects
A: almost no armour, amphibious, 8 rings, camouflage 1, gelatinous body 1,
(nimble swimmer 1), tentacles, poison resistance
a: Renounce Religion, Depart the Abyss, Bend Space


You were on level 3 of the Dungeon.
You worshipped Lugonu.
Lugonu was pleased with you.
You visited 1 branch of the dungeon, and saw 3 of its levels.
You visited the Abyss 1 time.

You collected 120 gold pieces.


Innate Abilities, Weirdness & Mutations

You cannot wear most types of armour.
You are amphibious.
You can wear up to eight rings at the same time.
Your skin changes colour to match your surroundings (Stealth+).
Your rubbery body absorbs attacks. (AC +1, EV +1)
((You are camouflaged near water. (Stealth+)))
You have tentacles for arms and can constrict up to eight enemies at once.
Your system is resistant to poisons. (rPois)


   Skills:
 + Level 3.6 Fighting
 + Level 2.8 Short Blades
 + Level 3.0 Dodging
 + Level 2.2 Stealth
 + Level 0.6 Poison Magic
 + Level 2.9 Invocations


You had one spell level left.
You knew the following spells:

 Your Spells              Type           Power      Damage    Failure   Level
p - Poisonous Vapours     Pois/Air       0%         N/A       16%         2

Your spell library contained the following spells:

 Spells                   Type           Power      Damage    Failure   Level
 Apportation              Tloc           0%         N/A       12%         1
 Gell's Gravitas          Tloc           0%         N/A       32%         3
 Lesser Beckoning         Tloc           0%         N/A       32%         3
 Mephitic Cloud           Conj/Pois/Air  0%         N/A       32%         3
 Teleport Other           Tloc           0%         N/A       32%         3
 Alistair's Intoxication  Tmut/Pois      0%         N/A       93%         5
 Freezing Cloud           Conj/Ice/Air   0%         6-21      95%         5
 Invisibility             Hex            0%         N/A       100%        6

Inventory:

Hand Weapons
 a - a +1 short sword
 b - a +3 hunting sling of freezing (weapon)
   (You took it off a goblin on level 2 of the Dungeon)
Missiles
 i - 119 stones (quivered ammo)
 j - 24 bolts
 l - 18 poisoned darts
Jewellery
 d - an amulet of reflection (around mantle)
   (You found it on level 1 of the Abyss)
 Z - a ring of wizardry (left tentacle)
   (You found it on level 1 of the Dungeon)
Scrolls
 e - a scroll of holy word
 g - a scroll of fog
 h - a scroll of noise {!r}
 k - 2 scrolls of enchant armour
 m - 2 scrolls of immolation {!r!r}
Potions
 c - a potion of attraction {!q}
 f - a potion of lignification {!q}
 n - 2 potions of brilliance
 o - a potion of curing {unknown}

Dungeon Overview and Level Annotations

Branches:
Dungeon (3/15)

Altars:
Ashenzari
Cheibriados
Kikubaaqudgha
Ru
Sif Muna
Vehumet
Wu Jian
Xom

#...# #...# #...# #
#...## #. #....# #..
#....# #... #....##
#....###.@..##
#.....#(W....#
#......ยง_...ยง##
......_..._ยง..#
....((........#
.....)(.โŒ .._..#
........$....##
..###._..._.############
. #..._...# #........#


You could see a phantom.


Message History

There is a stone staircase leading up here.
Found a stone staircase leading up. 2 jackals come into view.
You shoot a stone. The stone hits the jackal.
The stone freezes the jackal.
You kill the jackal!
Lugonu accepts your kill. ๐Ÿ˜Ž HP[+1]
You now have 32 max hp (+1).
Your hp is fully restored (32).
You shoot a stone. The stone hits the jackal!
The stone freezes the jackal.
You kill the jackal!
Lugonu accepts your kill.
i - 113 stones (gained 1)
i - 114 stones (gained 1)
A bat comes into view.
You shoot a stone.
The stone hits the bat but does no damage.
You shoot a stone. The stone hits the bat!
The stone freezes the bat.
You kill the bat!
Lugonu accepts your kill.
i - 113 stones (gained 1)
You see here a bat corpse.
i - 114 stones (gained 1)
i - 130 stones (gained 16)
p - a scroll of identify {@r1} A hobgoblin comes into view.
Found 8 gold pieces and a falchion.
Found two altars.
You shoot a stone. The stone hits the hobgoblin.
The stone freezes the hobgoblin.
The hobgoblin shouts!
As you read the scroll of identify {@r1}, it crumbles to dust.
c - a potion of attraction You shoot a stone.
The stone hits the hobgoblin.
The stone freezes the hobgoblin.
You kill the hobgoblin!
Lugonu accepts your kill.
A phantom comes into view.
Found a shimmering blue altar of Sif Muna and a shimmering altar of Xom.
You shoot a stone.
The stone hits the phantom but does no damage.
You shoot a stone. The stone hits the phantom.
You shoot a stone. The stone barely misses the phantom.
You shoot a stone. The stone closely misses the phantom.
You shoot a stone. The stone hits the phantom.
Your +3 hunting sling of freezing stops glowing.
a - a +1 short sword (weapon)
The phantom hits you.
The phantom blinks!
You blink.
Found three altars. ๐Ÿ˜• HP[-3]
You take 3 damage, and now have 29/32 hp.
You hit the phantom. Your squeeze misses the phantom. The phantom misses you.
You closely miss the phantom.
The phantom hits you but does no damage.
You barely miss the phantom. The phantom hits you!
The phantom blinks!
You blink. ๐Ÿ˜ฎ HP[-7]
You take 7 damage, and now have 22/32 hp.
MASSIVE DAMAGE!! (PAUSE)
Your +3 hunting sling of freezing is covered in frost.
b - a +3 hunting sling of freezing (weapon)
Fire: 123 stones
Press: ? - help, Q - select action, (/) - cycle Shift-Dir - straight line, f/p - phantom
Aim: a phantom (moderately damaged, 51% to hit)
You shoot a stone. The stone barely misses the phantom.
The phantom hits you. ๐Ÿ˜ฎ HP[-2]
You take 2 damage, and now have 20/32 hp.
Fire: 122 stones
Press: ? - help, Q - select action, (/) - cycle Shift-Dir - straight line, f/p - phantom
Aim: a phantom (moderately damaged, 51% to hit)
You shoot a stone. The stone hits the phantom.
The phantom hits you!
* * * LOW HITPOINT WARNING * * *
The phantom blinks!
You blink.
You block the phantom's attack. ๐Ÿ˜จ HP[-7]
You take 7 damage, and now have 13/32 hp.
MASSIVE DAMAGE!! (PAUSE) Fire: 121 stones
Press: ? - help, Q - select action, (/) - cycle Shift-Dir - straight line, f/p - phantom
Aim: a phantom (heavily damaged, 51% to hit)
You shoot a stone. The stone hits the phantom.
The phantom closely misses you.
Unknown command.
Fire: 120 stones
Press: ? - help, Q - select action, (/) - cycle Shift-Dir - straight line, f/p - phantom
Aim: a phantom (heavily damaged, 51% to hit)
You shoot a stone. The stone barely misses the phantom.
The phantom hits you!
* * * LOW HITPOINT WARNING * * *
The phantom blinks!
You blink. ๐Ÿ˜ฑ HP[-7]
You take 7 damage, and now have 6/32 hp.
MASSIVE DAMAGE!! (PAUSE) Space bends around you!
You blink.
The phantom hits you.
You die...

Skill      XL: |  1  2  3  4 |
---------------+-------------+-----
Stealth        | 1 2 |  2.2
Dodging        | 3 |  3.0
Fighting       | |  3.6
Short Blades   | |  2.8
Poison Magic   | |  0.6
Invocations    | |  2.9

Action                   |  1- 3 |  4- 6 || total
-------------------------+-------+-------++-------
Melee: Short sword       |    65 |    64 ||   129
       Tentacles         |     7 |    12 ||    19
       Constrict         |    10 |    17 ||    27
 Fire: Hunting sling     |       |    21 ||    21
Invok: Depart the Abyss  |     1 |       ||     1
       Bend Space        |       |     1 ||     1
  Use: Potion            |     3 |       ||     3
       Scroll            |     1 |     6 ||     7
 Stab: Sleeping          |     9 |     2 ||    11
Armor: Skin              |     6 |     4 ||    10
Dodge: Dodged            |    29 |    43 ||    72
Block: Other             |    15 |    21 ||    36
       Reflection        |       |     1 ||     1

Levels and vault maps discovered:
D:1:      nzn_arrival_water_spiral, layout_loops_ring
D:2:      layout_loops_corners, hellmonk_ecumenical_altar_blasted, basic_altar,
          uniq_robin
D:3:      layout_basic, grunt_temple_overflow_open

Notes
Turn   | Place    | Note
-------+----------+-------------------------------------------
     0 | Abyss:1  | spiderkeys the Octopode Abyssal Knight began the quest for
                  | the Orb.
     0 | Abyss:1  | Reached XP level 1. HP: 16/16 MP: 2/2
     0 | Abyss:1  | magus.rc [v1.9.10]
    86 | Abyss:1  | Noticed a worldbinder
   130 | Abyss:1  | Noticed a neqoxec
   156 | Abyss:1  | Noticed a large abomination
   157 | Abyss:1  | Noticed a thrashing horror
   157 | Abyss:1  | Noticed a large abomination
   159 | Abyss:1  | Noticed a fire giant zombie
   162 | D:1      | You pass through the gate.
   162 | D:1      | Escaped the Abyss
   384 | D:1      | Gained mutation: Your system is resistant to poisons.
                  | (rPois) [potion of mutation]
   408 | D:1      | Reached XP level 2. HP: 21/21 MP: 3/3
   718 | D:1      | Reached * piety under Lugonu
   719 | D:1      | Reached XP level 3. HP: 25/26 MP: 4/4
   959 | D:1      | Reached skill level 1 in Stealth
  1271 | D:2      | Found a broken altar of Ashenzari.
  1302 | D:2      | You pick up a book of Party Tricks and begin reading...
  1302 | D:2      | You add the spells Apportation, Alistair's Intoxication and
                  | Invisibility to your library.
  1472 | D:2      | You pick up a book of Party Tricks and begin reading...
  1486 | D:2      | Found a faded altar of an unknown god.
  1592 | D:2      | Noticed Robin
  1628 | D:2      | Reached XP level 4. HP: 28/31 MP: 6/6
  1875 | D:2      | You pick up a book of Displacement and begin reading...
  1875 | D:2      | You add the spells Lesser Beckoning, Gell's Gravitas and
                  | Teleport Other to your library.
  1958 | D:2      | You pick up a book of Vapours and begin reading...
  1958 | D:2      | You add the spells Poisonous Vapours, Mephitic Cloud and
                  | Freezing Cloud to your library.
  1964 | D:2      | Learned a level 2 spell: Poisonous Vapours
  2075 | D:2      | Reached skill level 2 in Stealth
  2078 | D:2      | Reached ** piety under Lugonu
  2520 | D:2      | Reached skill level 3 in Dodging
  2718 | D:2      | Killed Robin
  2875 | D:3      | Found an ancient bone altar of Kikubaaqudgha.
  2875 | D:3      | Found a snail-covered altar of Cheibriados.
  2879 | D:3      | Found a shimmering blue altar of Sif Muna.
  2879 | D:3      | Found a shimmering altar of Xom.
  2879 | D:3      | Noticed a phantom
  2885 | D:3      | Found an ornate altar of the Wu Jian Council.
  2885 | D:3      | Found a radiant altar of Vehumet.
  2885 | D:3      | Found a sacrificial altar of Ru.
  2893 | D:3      | HP: 6/32 [phantom (7)]
  2894 | D:3      | Slain by a phantom

Vanquished Creatures
  Robin (D:2)
  An adder (D:2)
  A gnoll (D:1)
  A worm (D:2)
  A dart slug (D:2)
  3 ball pythons
  8 bats
  7 endoplasms
  4 giant cockroaches
  7 hobgoblins
  10 jackals
  4 kobolds
  5 frilled lizards
  14 goblins
  A rat (D:2)
68 creatures vanquished.

Table legend:
 A = Non-vault XP
 B = Vault XP
 C = Vault XP percentage of total XP
 D = Non-vault monster count
 E = Vault monster count
 F = Vault count percentage of total count
                 A         B        C        D         E       F
            +---------+---------+-------+---------+---------+-------
      Total |     126 |      38 |  23.2 |      55 |      13 |  19.1
            +---------+---------+-------+---------+---------+-------
        D:1 |      48 |       0 |   0.0 |      20 |       0 |   0.0
        D:2 |      70 |      38 |  35.2 |      31 |      13 |  29.5
        D:3 |       8 |       0 |   0.0 |       4 |       0 |   0.0
            +---------+---------+-------+---------+---------+-------

Illustrated notes

Table legend:
 A = Kills in this place as a percentage of kills in entire the game.
 B = Kills by you in this place as a percentage of kills by you in the entire game.
 C = Kills by friends in this place as a percentage of kills by friends in the entire game.
 D = Other kills in this place as a percentage of other kills in the entire game.
 E = Experience gained in this place as a percentage of experience gained in the entire game.
 F = Experience gained in this place divided by the number of levels of this place that you have seen.
                   A       B       C       D       E      F
               +-------+-------+-------+-------+-------+----------------------
         Total | 100.0 | 100.0 |   N/A |   N/A | 100.0 |  41.0
       Dungeon | 100.0 | 100.0 |   N/A |   N/A | 100.0 |  54.7
               +-------+-------+-------+-------+-------+----------------------

Table legend: (Time is in decaauts)
 A = Elapsed time spent in this place.
 B = Non-inter-level travel time spent in this place.
 C = Inter-level travel time spent in this place.
 D = Time resting spent in this place.
 E = Time spent auto-exploring this place.
 F = Levels seen in this place.
 G = Mean time per level.
                   A        B        C        D        E       F      G
               +--------+--------+--------+--------+--------+-----+--------+
         Total |   2892 |   2845 |     47 |    181 |   2027 |   4 |  723.0 |
       Dungeon |   2730 |   2683 |     47 |    181 |   2024 |   3 |  910.0 |
         Abyss |    162 |    162 |      0 |      0 |      3 |   1 |  162.0 |
               +--------+--------+--------+--------+--------+-----+--------+

Top non-repeatable levels by time:
     D:2: 1665 daAuts
     D:1: 921 daAuts
 Abyss:1: 162 daAuts
     D:3: 143 daAuts
